 Dungeon Crawl Stone Soup version 0.20.0-15-g7f486f2 (webtiles) character file.

196 Darkell the Ducker (level 5, 0/26 HPs)
             Began as a Felid Transmuter on June 13, 2017.
             Succumbed to a worker ant's poison
             ... on level 4 of the Dungeon.
             The game lasted 00:07:25 (4749 turns).

Darkell the Ducker (Felid Transmuter)               Turns: 4749, Time: 00:07:26

Health: 0/26       AC:  1    Str:  7    XL:     5   Next: 45%
Magic:  8/9        EV: 20    Int: 15    God:
Gold:   171        SH:  0    Dex: 18    Spells: 2/8 levels left
                                        Lives:  0   Deaths: 1

rFire    + + .     SeeInvis +     - Unarmed
rCold    + . .     Gourm    .   (shield unavailable)
rNeg     . . .     Faith    .   (armour unavailable)
rPois    +         Spirit   .   (helmet unavailable)
rElec    +         Reflect  .   (cloak unavailable)
rCorr    +         Harm     .   (gloves unavailable)
MR       .....                  (boots unavailable)
Stlth    ++........             (no amulet)
Regen    0.1/turn               r - ring of protection from fire
MPRegen  0.2/turn               t - ring of flight

@: lethally poisoned (0 -> -6), appendage, resistant, flying, very slightly
contaminated, quick
A: no armour, no weapons or thrown items, stealth, claws 1, fangs 3, horns 2,
see invisible, agile 1, carnivore 3, speed 1, sense surroundings 1, robust 1,
shaggy fur 1, slow metabolism 1, sharp paws
a: End Transformation


You were on level 4 of the Dungeon.
You were very full.
You had grown temporary horns.
You visited 1 branch of the dungeon, and saw 4 of its levels.

You collected 171 gold pieces.

Inventory:

Missiles
 a - 83 arrows
Jewellery
 r - a ring of protection from fire (left paw)
 t - a ring of flight (right paw)
Scrolls
 e - a scroll of remove curse {unknown}
 f - 2 scrolls of random uselessness {unknown}
 h - a scroll of recharging {unknown}
 i - 6 scrolls of identify {unknown}
 k - a scroll of teleportation {unknown}
 l - 3 scrolls of enchant armour {unknown}
 n - a scroll of immolation {unknown}
 o - 2 scrolls of enchant weapon {unknown}
 p - a scroll of noise {unknown}
Potions
 d - a potion of lignification {unknown}
 g - a potion of agility {unknown}
 m - a potion of curing {unknown}
 s - a potion of mutation
Books
 b - a book of Changes

   Spells                             Type                      Level
   a - Beastly Appendage              Transmutation                1
   b - Sticks to Snakes               Transmutation                2
   c - Spider Form                    Transmutation/Poison         3
   d - Ice Form                       Ice/Transmutation            4
   e - Blade Hands                    Transmutation                5
Comestibles
 c - 2 meat rations


   Skills:
 + Level 3.1 Fighting
 + Level 4.5 Dodging
 + Level 4.2 Unarmed Combat
 - Level 2.0 Spellcasting
 + Level 3.6 Transmutations


You had 2 spell levels left.
You knew the following spells:

 Your Spells              Type           Power        Failure   Level  Hunger
a - Beastly Appendage     Tmut           ##....       4%          1    #......
b - Sticks to Snakes      Tmut           ##......     8%          2    ###....
c - Spider Form           Tmut/Pois      #.........   32%         3    ###....


Dungeon Overview and Level Annotations

Branches:
Dungeon (4/15)             Temple (0/1) D:4

Altars:
Ashenzari
Nemelex Xobeh

Annotations:
D:3 NoAnimeNoLife's ghost, amateur DsGl
D:4 Pikel


Innate Abilities, Weirdness & Mutations

You cannot wear armour.
You are incapable of wielding weapons or throwing items.
Your paws allow you to move quietly. (Stealth)
You have sharp claws.
You have razor-sharp teeth.
You have supernaturally acute eyesight. (SInv)
You are carnivorous and can eat meat at any time.
You cover ground quickly.
You are covered in fur. (AC +1)
You have a slow metabolism.
Your sharp claws are effective at attacking unaware monsters.
You have a pair of horns on your head.
You are agile. (Dex +2)
You passively map a small area around you.
You are robust. (+10% HP)


Message History

Casting: Beastly Appendage
Confirm with . or Enter, or press ? or * to list all spells.
You grow a pair of large bovine horns.
* * * LOW HITPOINT WARNING * * *
You feel sick.
The worker ant bites you but does no damage.
Unknown command.
It was a potion of mutation.
You feel extremely strange.
You feel agile.
You feel robust.
You feel a strange attunement to the structure of the dungeons.
The worker ant misses you.
It was a potion of resistance.
You feel protected.
* * * LOW HITPOINT WARNING * * *
You feel sick. The worker ant misses you. The worker ant bites you.
* * * LOW HITPOINT WARNING * * *
It was a potion of flight.
You feel very buoyant.
You fly up into the air.
You die...

###.....# #.# #.##
###..♣.## #.# #..#
.......# #.# ##.# ,
######## #.# #.# , #
#[# #.# # #.# ##.## * #
#.###...###. * #
#.#.......... , ###
########@#.#...###.#
..# #.......a.....##
..#######.####.#.######
** , ..........# #.#...
..######### #.##### * *
..###### #.# .......#
#.# * ######.# #(#, *
*, # ... * * ,


You could see a worker ant.

Vanquished Creatures
  2 slaves (D:4)
  An orc priest (D:3)
  2 orc wizards (D:4)
  A worker ant (D:4)
  4 adders
  2 oozes
  A worm (D:2)
  9 orcs
  6 bats
  2 giant cockroaches
  8 goblins
  6 hobgoblins
  6 jackals
  9 kobolds
  2 ball pythons
  4 frilled lizards
  7 rats
72 creatures vanquished.

Vanquished Creatures (collateral kills)
  A worm (D:2)
  A hobgoblin (D:1)
2 creatures vanquished.

Grand Total: 74 creatures vanquished

Notes
Turn   | Place    | Note
-------+----------+-------------------------------------------
     0 | D:1      | Darkell the Felid Transmuter began the quest for the Orb.
     0 | D:1      | Reached XP level 1. HP: 9/9 MP: 4/4
   129 | D:1      | Reached XP level 2. HP: 7/12 MP: 4/6
   138 | D:1      | Learned a level 2 spell: Sticks to Snakes
   634 | D:1      | Reached XP level 3. HP: 11/15 MP: 7/7
  1265 | D:2      | Learned a level 3 spell: Spider Form
  1916 | D:2      | Reached XP level 4. HP: 9/19 MP: 4/8
  2093 | D:3      | Killed from afar by an orc priest
  2094 | D:3      | Reached XP level 3. HP: -7/16 MP: 4/7
  2278 | D:3      | Reached XP level 4. HP: 16/19 MP: 4/8
  2789 | D:3      | Noticed NoAnimeNoLife's ghost (amateur DsGl)
  3745 | D:3      | Found a shattered altar of Ashenzari.
  3745 | D:3      | Found a sparkling altar of Nemelex Xobeh.
  3936 | D:3      | Found a faded altar of an unknown god.
  4179 | D:4      | Reached XP level 5. HP: 24/24 MP: 6/9
  4483 | D:4      | Noticed Pikel
  4483 | D:4      | Noticed a slave
  4483 | D:4      | Noticed a slave
  4504 | D:4      | Killed a slave
  4515 | D:4      | Killed a slave
  4747 | D:4      | Gained mutation: You are agile. (Dex +2) [potion of mutation]
  4747 | D:4      | Gained mutation: You are robust. (+10% HP) [potion of mutation]
  4747 | D:4      | Gained mutation: You passively map a small area around you. [potion of mutation]
  4748 | D:4      | HP: 1/26 [worker ant (1)]
  4749 | D:4      | Succumbed to a worker ant's poison

Skill      XL: |  1  2  3  4  5 |
---------------+----------------+-----
Dodging        | 3 4 |  4.5
Fighting       | 2 3 |  3.1
Transmutations | 3 |  3.6
Unarmed Combat | 4 |  4.2
Spellcasting   | |  2.0

Action                   |  1- 3 |  4- 6 || total
-------------------------+-------+-------++-------
Melee: Unarmed           |   159 |   124 ||   283
       Headbutt          |     8 |     1 ||     9
       Punch             |     3 |     1 ||     4
       Bite              |     9 |     6 ||    15
 Cast: Beastly Appendage |     8 |     2 ||    10
       Sticks to Snakes  |     3 |     5 ||     8
       Spider Form       |     4 |     7 ||    11
  Use: Potion            |       |     3 ||     3
 Stab: Sleeping          |     5 |     1 ||     6
       Distracted        |     1 |       ||     1
  Eat: Chunk             |    15 |     6 ||    21
Armor: Skin              |     5 |     7 ||    12
Dodge: Dodged            |   133 |   108 ||   241
